 Dungeon Crawl Stone Soup version 0.28.0-53-g5a82cb258f (webtiles) character file.

Game seed: 17612475910468653240

616 firemarshallily the Covert (level 7, -3/66 HPs)
             Began as a Naga Monk on June 16, 2022.
             Slain by a centaur (4 damage)
             ... on level 5 of the Dungeon.
             The game lasted 00:15:43 (5312 turns).

firemarshallily the Covert (Naga Monk)              Turns: 5312, Time: 00:15:44

Health: -3/66      AC:  4    Str: 19    XL:     7   Next: 45%
Magic:  7/7        EV: 10    Int: 10    God:
Gold:   175        SH:  5    Dex: 16    Spells: 6/6 levels left

rFire   . . .      SeeInvis +   a - +0 short sword
rCold   . . .      Faith    .   (no shield)
rNeg    . . .      Spirit   .   b - +0 robe
rPois   +          Reflect  +   (no helmet)
rElec   .          Harm     .   j - scarf {repulsion}
rCorr   .          Rampage  .   d - +0 pair of gloves
Will    +....                   (no barding)
Stlth   ++++......              h - amulet of reflection
HPRegen 0.21/turn               e - ring of willpower
MPRegen 0.10/turn               m - +6 ring of strength

@: short of breath, repel missiles, very slow
A: AC +2, large, see invisible, deformed body, poison resistance, slowness 2,
spit poison 1, naga tail 1
a: Spit Poison


You were on level 5 of the Dungeon.
You visited 1 branch of the dungeon, and saw 5 of its levels.

You collected 175 gold pieces.

Inventory:

Hand Weapons
 a - a +0 short sword (weapon)
Missiles
 c - 140 stones
 n - 7 poisoned darts
 o - 3 boomerangs of dispersal
Armour
 b - a +0 robe (worn)
 d - a +0 pair of gloves (worn)
 j - a scarf of repulsion (worn)
 l - a +0 cloak of poison resistance
Jewellery
 e - a ring of willpower (left hand)
 f - a ring of willpower
 h - an amulet of reflection (around neck)
 m - a +6 ring of strength (right hand)
 q - an amulet of regeneration
Wands
 g - a wand of flame (37)
Scrolls
 s - a scroll of teleportation
Potions
 i - a potion of brilliance
 k - a potion of attraction
 p - a potion of resistance


   Skills:
 + Level 4.9 Fighting
 + Level 4.9 Short Blades
 - Level 2.4 Dodging
 * Level 9.1 Stealth


You had 6 spell levels left.
You didn't know any spells.
Your spell library contained the following spells:

 Spells                   Type           Power      Damage    Failure   Level
 Magic Dart               Conj           0%         1d3       36%         1
 Searing Ray              Conj           0%         2d4       50%         2
 Fulminant Prism          Conj/Hex       0%         3d6       98%         4


Dungeon Overview and Level Annotations

Branches:
Dungeon (5/15)
 Temple: D:4-7

Altars:
Cheibriados
Uskayaw


Innate Abilities, Weirdness & Mutations

Your serpentine skin is tough. (AC +2)
You have supernaturally acute eyesight. (SInv)
Armour fits poorly on your strangely shaped body.
Your system is resistant to poisons. (rPois)
You cover ground very slowly.
You can spit poison.
You have a snake-like lower body.


Message History

You hit the gnoll but do no damage.
The gnoll is moderately wounded.
You block the gnoll's attack.
You barely miss the gnoll.
The gnoll is moderately wounded.
You have got your breath back.
The gnoll closely misses you.
Aiming: Spit Poison (1% risk of failure)
Press: ? - help, Q - select action, (/) - cycle Shift-Dir - straight line, f/p - gnoll
Aim: a gnoll, wielding a +0 club (moderately wounded, 65% to hit)
The splash of poison hits the gnoll.
The gnoll is severely wounded.
The gnoll hits you with a +0 club!
You hit the gnoll.
You kill the gnoll!
A centaur comes into view.
You have got your breath back.
The centaur shouts!
The centaur wields a +0 shortbow.
The centaur shoots an arrow.
The arrow hits you!
* * * LOW HITPOINT WARNING * * *
The centaur shoots an arrow.
The arrow closely misses you.
You see here a +0 helmet.
You see here a +0 club.
It was a potion of magic.
Magic courses through your body.
The centaur shoots an arrow.
The arrow barely misses you.
The centaur unwields a +0 shortbow.
You block the centaur's attack. The centaur kicks you.
* * * LOW HITPOINT WARNING * * *
The centaur hits you.
* * * LOW HITPOINT WARNING * * *
The centaur closely misses you.
You see here a +0 club.
Okay, then.
Aiming: Spit Poison (1% risk of failure)
Press: ? - help, Q - select action, (/) - cycle Shift-Dir - straight line, f - centaur
Aim: a centaur, quivering arrows (75% to hit)
The splash of poison misses the centaur.
The centaur hits you.
You die...

......##...##....
#....##..##.....
#...##.<........ .
#.......#.... .#
#....)..## . # .#
##.......####.#..#
#.......##.#...##.
###.....))........
###....@.###.
#...c### #.....#
#......# ###.....
#...... ........
..........
#........c..


You could see a centaur.

Vanquished Creatures
  A phantom (D:4)
  A bullfrog (D:4)
  A howler monkey (D:5)
  A hound (D:4)
  Crazy Yiuf (D:2)
  A gnoll shaman (D:5)
  Natasha (thrice) (D:2)
  An iguana (D:5)
  10 gnolls
  6 adders
  A worm (D:2)
  2 dart slugs
  7 orcs (D:3)
  3 ball pythons
  5 bats
  7 endoplasms
  4 giant cockroaches
  12 goblins
  6 hobgoblins
  10 jackals
  3 quokkas
  3 frilled lizards
  6 kobolds
  A quokka skeleton (D:4)
  6 rats
102 creatures vanquished.

Vanquished Creatures (others)
  2 plants (D:2)
2 creatures vanquished.

Grand Total: 104 creatures vanquished

Notes
Turn   | Place    | Note
-------+----------+-------------------------------------------
     0 | D:1      | firemarshallily the Naga Monk began the quest for the Orb.
     0 | D:1      | Reached XP level 1. HP: 21/21 MP: 1/1
     5 | D:1      | You fall into a shaft and drop 1 floor!
   375 | D:2      | Reached XP level 2. HP: 10/28 MP: 2/2
   680 | D:2      | Noticed Natasha
   733 | D:2      | HP: 1/28 [shadow imp[Natasha] (1)]
   737 | D:2      | Noticed a crimson imp
   738 | D:2      | Killed Natasha
   739 | D:2      | Reached skill level 4 in Stealth
   739 | D:2      | Reached XP level 3. HP: 1/34 MP: 3/3
  1830 | D:2      | Noticed Natasha
  1842 | D:2      | Killed Natasha
  1843 | D:2      | Reached skill level 5 in Stealth
  1843 | D:2      | Reached XP level 4. HP: 12/42 MP: 4/4
  2126 | D:2      | Found a faded altar of an unknown god.
  2246 | D:2      | Found a hide-covered altar of Uskayaw.
  2391 | D:2      | Noticed Natasha
  2399 | D:2      | Killed Natasha
  2400 | D:2      | Reached skill level 6 in Stealth
  2400 | D:2      | Reached XP level 5. HP: 31/50 MP: 5/5
  2725 | D:2      | Found a runed translucent door.
  2726 | D:2      | Noticed Crazy Yiuf
  3010 | D:2      | Killed Crazy Yiuf
  3704 | D:3      | Reached skill level 7 in Stealth
  3899 | D:3      | Reached XP level 6. HP: 57/57 MP: 6/6
  4356 | D:4      | Found a snail-covered altar of Cheibriados.
  4471 | D:4      | Reached skill level 8 in Stealth
  4638 | D:4      | Reached XP level 7. HP: 66/66 MP: 7/7
  5247 | D:5      | Entered Level 5 of the Dungeon
  5294 | D:5      | Reached skill level 9 in Stealth
  5311 | D:5      | HP: 1/66 [centaur (5)]
  5312 | D:5      | Slain by a centaur

Illustrated notes

Levels and vault maps discovered:
D:1:      minmay_arrival_stair_chambers, layout_loops_ring
D:2:      layout_basic, hellmonk_ecumenical_altar_dog_temple, basic_altar,
          serial_bayou_pond_e, kennysheep_generic_room_9,
          uniq_crazy_yiuf_cottage, uniq_natasha
D:3:      layout_loops_cross, corexii_leaking_fountain, guppyfry_early_orc_mine
D:4:      layout_basic, mainiacjoe_overflow_surrounded_room
D:5:      layout_cave_pools, kennysheep_little_box, minmay_temple_entry_slanted,
          minmay_misc_feat_ornament, nicolae_shop_gadgets

Skill      XL: |  1  2  3  4  5  6  7 |
---------------+----------------------+-----
Stealth        | 4 5 6 7 8 9 |  9.1
Fighting       | 4 |  4.9
Short Blades   | 4 |  4.9
Dodging        | |  2.4

Action                   |  1- 3 |  4- 6 |  7- 9 || total
-------------------------+-------+-------+-------++-------
Melee: Short sword       |    54 |   131 |    53 ||   238
       Punch             |     1 |     2 |     1 ||     4
Throw: Stone             |     2 |     3 |     1 ||     6
 Abil: Spit Poison       |    20 |    63 |    16 ||    99
  Use: Scroll            |     1 |     4 |     2 ||     7
       Potion            |     1 |       |     1 ||     2
 Stab: Sleeping          |     2 |     6 |     2 ||    10
       Distracted        |       |     1 |       ||     1
Armor: Robe              |     7 |    32 |     9 ||    48
Dodge: Dodged            |    27 |    42 |    28 ||    97
Block: Other             |     1 |    23 |    11 ||    35
       Reflection        |       |       |     1 ||     1
